 Dungeon Crawl Stone Soup version 0.17-a0-2118-g63bad21 (webtiles) character file.

121 Duffy the Sneak (level 5, 0/42 HPs)
             Began as a Naga Enchanter on Oct 20, 2015.
             Killed from afar by Crazy Yiuf (5 damage)
             ... with a wand of frost
             ... on level 2 of the Dungeon.
             The game lasted 00:03:53 (3203 turns).

Duffy the Sneak (Naga Enchanter)                    Turns: 3203, Time: 00:03:53

Health: 0/42       AC:  6    Str: 10    XL:     5   Next: 5%
Magic:  2/8        EV: 10    Int: 16    God:
Gold:   151        SH:  0    Dex: 12    Spells: 3 memorised, 2 levels left

rFire  . . .     SeeInvis +     a - +1 dagger
rCold  . . .     Clarity  .     b - +1 robe
rNeg   . . .     SustAt   .     (no shield)
rPois  +         Gourm    .     (no helmet)
rElec  .         Spirit   .     q - +0 cloak
rCorr  .         Warding  .     (no gloves)
rMut   .         Stasis   .     (no barding)
MR     .....                    (no amulet)
Stlth  ++++......               (no ring)
                                p - +2 ring of protection

@: short of breath, very slightly contaminated, very slow, not resistant to
hostile enchantments, stealthy
A: see invisible, deformed body, poison resistance, slowness 2, slow metabolism
1, spit poison 2, AC +1
a: Spit Poison


You were on level 2 of the Dungeon.
You were not hungry.

You visited 1 branch of the dungeon, and saw 2 of its levels.

You collected 151 gold pieces.


Innate Abilities, Weirdness & Mutations

You cannot wear boots.
Your serpentine skin is tough (AC +1).
You have supernaturally acute eyesight.
Armour fits poorly on your strangely shaped body.
Your system is resistant to poisons.
You cover ground very slowly.
You have a slow metabolism.
You can spit poison.


   Skills:
 - Level 2.0 Short Blades
 - Level 1.5 Dodging
 + Level 6.9 Stealth
 - Level 2.0 Spellcasting
 + Level 3.9 Hexes


You had 2 spell levels left.
You knew the following spells:

 Your Spells              Type           Power        Failure   Level  Hunger
a - Ensorcelled Hibernat  Hex/Ice        #.....       17%         2    ###....
c - Confuse               Hex            ##......     14%         3    ###....
r - Corona                Hex            ##.....      6%          1    #......

Inventory:

Hand Weapons
 a - a +1 dagger (weapon)
 f - a +1 whip of pain
Missiles
 h - 12 poisoned needles
 j - 81 stones (quivered)
Armour
 b - a +1 robe (worn)
 q - a +0 cloak (worn)
Jewellery
 p - a +2 ring of protection (left hand)
Scrolls
 g - 2 scrolls of fog {unknown}
 l - a scroll of enchant weapon {unknown}
 r - 3 scrolls of amnesia {unknown}
 s - a scroll of immolation {unknown}
 u - a scroll of enchant armour {unknown}
Potions
 e - a potion of cancellation {unknown}
 i - 2 potions of magic {unknown}
 k - a potion of lignification {unknown}
 n - a potion of brilliance {unknown}
Books
 c - a book of Maledictions
 o - a book of Annihilations
Comestibles
 d - 3 bread rations
 m - 2 meat rations

Dungeon Overview and Level Annotations

Branches:
Dungeon (2/15)

Altars:
Nemelex Xobeh

Annotations:
D:2 Crazy Yiuf


Message History

The splash of poison hits Crazy Yiuf.
Crazy Yiuf appears unharmed.
You feel slightly more hungry.
Casting: Confuse
Confirm with . or Enter, or press ? or * to list all spells.
Aiming: Ensorcelled Hibernation
Press: ? - help, Shift-Dir - straight line, f/p - Crazy Yiuf
Aim: Crazy Yiuf, wielding a quarterstaff of chaos, wearing a runed cloak and carrying a wand of frost {zapped: 2} (chance to defeat MR: 48%) Crazy Yiuf resists with some effort.
Crazy Yiuf barely misses you.
Drink which item? (? for menu, Esc to quit)
Okay, then.
Read which item? (? for menu, Esc to quit)
Okay, then.
Crazy Yiuf zaps a wand.
The puff of frost misses you.
Crazy Yiuf zaps a wand.
The puff of frost hits you!
You have got your breath back.
All of the chunks of flesh in your inventory have rotted away.
Use which ability?
Press: ? - help, Shift-Dir - straight line, f/p - Crazy Yiuf
Aim: Crazy Yiuf, wielding a quarterstaff of chaos, wearing a runed cloak and carrying a wand of frost {zapped: 4} The splash of poison hits Crazy Yiuf.
Crazy Yiuf appears unharmed.
You feel slightly more hungry.
Crazy Yiuf zaps a wand.
The puff of frost hits you!
Crazy Yiuf zaps a wand.
The puff of frost hits you!
Crazy Yiuf zaps a wand.
The puff of frost hits you!
Use which ability?
You can't do that yet.
You have got your breath back.
Crazy Yiuf grits, "Ten blue horse!"
Use which ability?
Press: ? - help, Shift-Dir - straight line, f/p - Crazy Yiuf
Aim: Crazy Yiuf, wielding a quarterstaff of chaos, wearing a runed cloak and carrying a wand of frost {zapped: 7} The splash of poison misses Crazy Yiuf.
You feel slightly more hungry.
Crazy Yiuf flaps his cloak.
Crazy Yiuf zaps a wand.
The puff of frost hits you!
You die...

####.#.#.....#..#.##
#............(..#.##
#.####.#####.#..#.##
#.# #.# #.##.#.##
#.# ### #########
#.# # #.###♣♣♣♣♣ #
#.##...♣.♣♣♣ ####
#..@g...♣..♣#...#
#......♣♣♣♣.....#
##.#..♣♣ ♣♣#..)#
####♣♣ #### ## #. ##


You could see Crazy Yiuf.

Action                   |  1- 3 |  4- 6 || total
-------------------------+-------+-------++-------
Melee: Dagger            |   128 |    34 ||   162
 Cast: Ensorcelled Hiber |       |     7 ||     7
 Abil: Spit Poison       |    25 |    12 ||    37
 Stab: Sleeping          |    11 |     4 ||    15
  Eat: Chunk             |     4 |     4 ||     8

Notes
Turn   | Place    | Note
--------------------------------------------------------------
     0 | D:1      | Duffy the Naga Enchanter began the quest for the Orb.
     0 | D:1      | Reached XP level 1. HP: 15/15 MP: 3/3
   637 | D:1      | Reached skill level 5 in Stealth
   637 | D:1      | Reached XP level 2. HP: 22/22 MP: 5/5
  1119 | D:1      | Reached XP level 3. HP: 6/28 MP: 6/6
  1806 | D:1      | Learned a level 2 spell: Ensorcelled Hibernation
  1810 | D:1      | Learned a level 3 spell: Confuse
  1868 | D:2      | Reached skill level 6 in Stealth
  1931 | D:2      | Reached skill level 2 in Short Blades
  2083 | D:2      | Found a sparkling altar of Nemelex Xobeh.
  2341 | D:2      | Reached XP level 4. HP: 30/36 MP: 7/7
  2528 | D:2      | Noticed Natasha
  2539 | D:2      | Killed Natasha
  2864 | D:2      | Noticed Natasha
  2882 | D:2      | Killed Natasha
  3087 | D:2      | Reached XP level 5. HP: 37/42 MP: 1/8
  3185 | D:2      | Noticed Crazy Yiuf
  3203 | D:2      | Killed from afar by Crazy Yiuf

Vault maps used:
D:1:      matt_arrival_grand_opening, hangedman_decor_points
D:2:      lemuel_crystal_altar, first_bread, uniq_crazy_yiuf_cottage,
          uniq_natasha

Vanquished Creatures
  Natasha (twice)
  3 adders
  An ooze
  3 giant geckos
  3 ball pythons
  5 hobgoblins
  7 jackals
  9 kobolds
  8 bats
  2 giant newts
  5 goblins
  7 rats
55 creatures vanquished.
